 Dungeon Crawl Stone Soup version 0.28-a0-1032-ga8db75c868 (webtiles) character file.

Game seed: 100571337076460454

303 DrunkBamboolord the Magician (level 6, -1/51 HPs)
             Began as a Gnoll Wanderer on Dec 7, 2021.
             Killed by divine providence
             ... invoked by an orc priest
              (12 damage)
             ... on level 4 of the Dungeon.
             The game lasted 00:07:48 (3826 turns).

DrunkBamboolord the Magician (Gnoll Wanderer)       Turns: 3826, Time: 00:07:48

Health: -1/51      AC:  6    Str: 16    XL:     6   Next: 38%
Magic:  13/14      EV: 11    Int: 10    God:
Gold:   166        SH:  0    Dex: 10    Spells: 13/15 levels left

rFire   . . .      SeeInvis .     - Unarmed
rCold   + . .      Faith    .   (no shield)
rNeg    . . .      Spirit   .   j - +1 ring mail {rC+}
rPois   .          Reflect  .   (no helmet)
rElec   .          Harm     .   (no cloak)
rCorr   .          Rampage  .   (no gloves)
Will    .....                   (no boots)
Stlth   ++........              (no amulet)
HPRegen 0.17/turn               (no ring)
MPRegen 0.14/turn               (no ring)

@: no status effects
A: fangs 1, strong nose, distributed training
a: no special abilities


You were on level 4 of the Dungeon.
You visited 1 branch of the dungeon, and saw 5 of its levels.

You collected 166 gold pieces.

Inventory:

Hand Weapons
 e - a +0 dagger
Armour
 c - a +0 robe
 j - a +1 ring mail of cold resistance (worn)
Wands
 g - a wand of digging (2)
Scrolls
 h - a scroll of amnesia
Potions
 b - a potion of lignification
 f - 3 potions of attraction
 i - 2 potions of degeneration {unknown}
 k - a potion of brilliance {unknown}
Miscellaneous
 d - a tin of tremorstones (1/2)


   Skills:
 + Level 5.0 Fighting
 + Level 1.9 Short Blades
 + Level 1.9 Long Blades
 + Level 1.9 Axes
 + Level 1.9 Maces & Flails
 + Level 1.9 Polearms
 + Level 1.9 Staves
 + Level 1.9 Slings
 + Level 1.9 Bows
 + Level 1.9 Crossbows
 + Level 1.9 Throwing
 + Level 1.9 Armour
 + Level 1.9 Dodging
 + Level 4.6 Stealth
 + Level 1.9 Shields
 + Level 5.0 Unarmed Combat
 + Level 5.3 Spellcasting
 + Level 1.5 Conjurations
 + Level 1.5 Hexes
 + Level 1.5 Summonings
 + Level 1.5 Necromancy
 + Level 1.5 Translocations
 + Level 1.5 Transmutations
 + Level 1.5 Fire Magic
 + Level 1.5 Ice Magic
 + Level 1.5 Air Magic
 + Level 1.5 Earth Magic
 + Level 2.6 Poison Magic
 + Level 2.1 Invocations
 + Level 3.2 Evocations


You had 13 spell levels left.
You knew the following spells:

 Your Spells              Type           Power      Damage    Failure   Level
a - Foxfire               Conj/Fire      20%        2x1d5     22%         1
b - Apportation           Tloc           10%        N/A       22%         1

Your spell library contained the following spells:

 Spells                   Type           Power      Damage    Failure   Level
 Animate Skeleton         Necr           10%        N/A       22%         1
 Summon Small Mammal      Summ           20%        N/A       22%         1
 Ignite Poison            Fire/Tmut/Pois 6%         N/A       50%         3


Dungeon Overview and Level Annotations

Branches:
Dungeon (5/15)
 Temple: D:4-7

Altars:
Wu Jian
Xom

Annotations:
D:5 2 transporters, tensugalgo's ghost, amateur OpTm


Innate Abilities, Weirdness & Mutations

You have very sharp teeth.
Your uncanny sense of smell can sniff out nearby items.
Your experience applies equally to all skills.


Message History

The jelly barely misses you.
You hit the jelly. The acid corrodes you!
Your hands burn!
The jelly is moderately wounded.
The jelly closely misses you.
You hit the jelly but do no damage.
Your hands burn!
You bite the jelly, but do no damage.
The jelly is moderately wounded.
The jelly hits you.
You are splashed with acid!
* * * LOW HITPOINT WARNING * * *
An adder comes into view.
Found a book of Storms.
The adder moves out of view.
An adder comes into view.
An orc priest comes into view. It is wielding a +0 dagger.
You see here a scroll labelled IGROTE AFOBO.
The orc priest shouts!
You hear a shout!
The adder hisses angrily.
You hear a shout!
The adder closely misses you.
Okay, then.
Found 26 sling bullets, a leather armour and a short sword.
A ball python comes into view.
Found a hunting sling.
The ball python bites you.
* * * LOW HITPOINT WARNING * * *
The ball python closely misses you.
You see here 26 sling bullets.
Aiming: Dig
Press: ? - help, Q - select action, (/) - cycle Shift-Dir - straight line A rock wall.
The rock shatters into small pieces.
The adder closely misses you.
The ball python bites you but does no damage.
The ball python grabs you. The ball python constricts you.
* * * LOW HITPOINT WARNING * * *
The adder completely misses you.
You escape the ball python's grasp.
You see here 7 gold pieces.
The adder closely misses you.
You are no longer corroded.
The orc priest calls down the wrath of Beogh upon you.
Beogh smites you!
You die...

## #..J:#.#
+#.).#o##...#
)...[...o##..#
###...###....#
##.##.#.J..#
#.#.....S##
#∆##.####.## ∆
#.. ##S## #..
##@# ...# ##.#
### ##


You could see a jelly, an orc priest, an adder, an orc and a ball python.

Vanquished Creatures
  An ogre (D:5)
  An orc priest (D:5)
  Terence (D:3)
  An orc wizard (D:5)
  4 adders
  4 gnolls (D:3)
  A dart slug (D:2)
  4 orcs
  4 endoplasms
  4 giant cockroaches
  3 goblins
  7 hobgoblins
  6 kobolds
  2 quokkas (D:1)
  3 ball pythons
  9 bats
  A frilled lizard (D:2)
  3 rats
59 creatures vanquished.

Vanquished Creatures (collateral kills)
  3 foxfires (D:4)
3 creatures vanquished.

Vanquished Creatures (others)
  65 foxfires
65 creatures vanquished.

Grand Total: 127 creatures vanquished

Notes
Turn   | Place    | Note
-------+----------+-------------------------------------------
     0 | D:1      | DrunkBamboolord the Gnoll Wanderer began the quest for the
                  | Orb.
     0 | D:1      | DrunkBamboolord set off with the following items: a +0
                  | club, a potion of lignification, a +0 robe, a tin of
                  | tremorstones (2/2), a +0 dagger; and the following spell
                  | memorised: Foxfire; and the following spells available to
                  | memorise: Ignite Poison
     0 | D:1      | Reached XP level 1. HP: 20/20 MP: 6/6
   184 | D:1      | Reached XP level 2. HP: 14/26 MP: 3/7
   789 | D:1      | Reached XP level 3. HP: 23/31 MP: 5/9
   794 | D:1      | Reached skill level 5 in Spellcasting
   811 | D:1      | Found a faded altar of an unknown god.
  1333 | D:2      | Found an ornate altar of the Wu Jian Council.
  1456 | D:2      | Reached skill level 1 in Invocations
  1591 | D:2      | Reached skill level 1 in Short Blades
  1591 | D:2      | Reached skill level 1 in Long Blades
  1591 | D:2      | Reached skill level 1 in Axes
  1591 | D:2      | Reached skill level 1 in Maces & Flails
  1591 | D:2      | Reached skill level 1 in Polearms
  1591 | D:2      | Reached skill level 1 in Staves
  1591 | D:2      | Reached skill level 1 in Slings
  1591 | D:2      | Reached skill level 1 in Bows
  1591 | D:2      | Reached skill level 1 in Crossbows
  1591 | D:2      | Reached skill level 1 in Throwing
  1591 | D:2      | Reached skill level 1 in Armour
  1591 | D:2      | Reached skill level 1 in Dodging
  1591 | D:2      | Reached skill level 1 in Shields
  1848 | D:2      | Reached XP level 4. HP: 38/38 MP: 11/11
  2207 | D:3      | Noticed Terence
  2221 | D:3      | Killed Terence
  2222 | D:3      | Reached skill level 1 in Conjurations
  2222 | D:3      | Reached skill level 1 in Hexes
  2222 | D:3      | Reached skill level 1 in Summonings
  2222 | D:3      | Reached skill level 1 in Necromancy
  2222 | D:3      | Reached skill level 1 in Translocations
  2222 | D:3      | Reached skill level 1 in Transmutations
  2222 | D:3      | Reached skill level 1 in Fire Magic
  2222 | D:3      | Reached skill level 1 in Ice Magic
  2222 | D:3      | Reached skill level 1 in Air Magic
  2222 | D:3      | Reached skill level 1 in Earth Magic
  2705 | D:3      | Learned a level 1 spell: Apportation
  3033 | D:3      | Reached XP level 5. HP: 32/43 MP: 12/12
  3218 | D:3      | You fall into a shaft and drop 2 floors!
  3218 | D:5      | Entered Level 5 of the Dungeon
  3402 | D:5      | Noticed an ogre
  3434 | D:5      | Killed an ogre
  3435 | D:5      | Reached XP level 6. HP: 5/50 MP: 9/14
  3448 | D:5      | Noticed tensugalgo's ghost (amateur OpTm)
  3719 | D:5      | Found a transporter.
  3722 | D:5      | Found a transporter.
  3747 | D:5      | Reached skill level 5 in Fighting
  3747 | D:5      | Reached skill level 5 in Unarmed Combat
  3760 | D:4      | Found a shimmering altar of Xom.
  3826 | D:4      | Killed from afar by an orc priest

Illustrated notes

Levels and vault maps discovered:
D:1:      tarquinn_simple_flora_water_e, layout_basic,
          hellmonk_ecumenical_altar_lost_god
D:2:      layout_loops_ring, basic_altar
D:3:      layout_loops_corners, uniq_terence
D:4:      minmay_spotlight, layout_basic, old_standard_altar,
          mainiacjoe_overflow_boulevard, minmay_temple_entry_glassed_door,
          minmay_fractal_squares_gapless_5, uniq_blork_the_orc, uniq_grinder
D:5:      layout_layer_cave, gammafunk_ghost_hive, corexii_corridor_pit

Skill      XL: |  1  2  3  4  5  6 |
---------------+-------------------+-----
Poison Magic   | 2 |  2.6
Spellcasting   | 5 |  5.3
Invocations    | 1 2 |  2.1
Short Blades   | 1 |  1.9
Long Blades    | 1 |  1.9
Axes           | 1 |  1.9
Maces & Flails | 1 |  1.9
Polearms       | 1 |  1.9
Staves         | 1 |  1.9
Slings         | 1 |  1.9
Bows           | 1 |  1.9
Crossbows      | 1 |  1.9
Throwing       | 1 |  1.9
Armour         | 1 |  1.9
Dodging        | 1 |  1.9
Shields        | 1 |  1.9
Conjurations   | 1 |  1.5
Hexes          | 1 |  1.5
Summonings     | 1 |  1.5
Necromancy     | 1 |  1.5
Translocations | 1 |  1.5
Transmutations | 1 |  1.5
Fire Magic     | 1 |  1.5
Ice Magic      | 1 |  1.5
Air Magic      | 1 |  1.5
Earth Magic    | 1 |  1.5
Evocations     | 3 |  3.2
Fighting       | 5 |  5.0
Unarmed Combat | 5 |  5.0
Stealth        | |  4.6

Action                   |  1- 3 |  4- 6 || total
-------------------------+-------+-------++-------
Melee: Club              |    11 |       ||    11
       Unarmed           |    53 |    93 ||   146
       Bite              |     5 |    13 ||    18
       Punch             |       |     2 ||     2
 Cast: Foxfire           |    27 |    14 ||    41
Evoke: Tin of tremorston |       |     2 ||     2
       Wand              |       |     4 ||     4
  Use: Scroll            |     3 |     3 ||     6
       Potion            |       |     1 ||     1
Armor: Robe              |    10 |       ||    10
       Scale mail        |    26 |     1 ||    27
       Ring mail         |       |    33 ||    33
Dodge: Dodged            |    63 |    64 ||   127

Table legend: (Time is in decaauts)
 A = Elapsed time spent in this place.
 B = Non-inter-level travel time spent in this place.
 C = Inter-level travel time spent in this place.
 D = Time resting spent in this place.
 E = Time spent auto-exploring this place.
 F = Levels seen in this place.
 G = Mean time per level.
                   A        B        C        D        E       F      G
               +--------+--------+--------+--------+--------+-----+--------+
         Total |   3816 |   3703 |    113 |    742 |   2261 |   5 |  763.2 |
       Dungeon |   3816 |   3703 |    113 |    742 |   2261 |   5 |  763.2 |
               +--------+--------+--------+--------+--------+-----+--------+

Top non-repeatable levels by time:
     D:1: 1174 daAuts
     D:3: 1047 daAuts
     D:2: 989 daAuts
     D:5: 539 daAuts
     D:4: 65 daAuts
